[Event "Early-Titled-Tuesday-Blitz-May-07-2024"]
[Site "Chess.com"]
[Date "2024.05.07"]
[Round "7"]
[White "ubdip"]
[Black "Yerkinio"]
[Result "1/2-1/2"]
[WhiteElo "2515"]
[BlackElo "2660"]
[TimeControl "180+1"]
[EndTime "9:23:46 PDT"]
[Termination "Game drawn - insufficient material"]

1. c4 e5 2. Nc3 Nf6 3. e3 d5 4. cxd5 Nxd5 5. Nf3 Nxc3 6. bxc3 Bd6 7. d4 Nc6 8. Bd3 O-O 9. O-O Re8 10. Qc2 h6 11. a4 Bg4 12. Nd2 exd4 13. exd4 Qh4 14.
g3 Qh5 15. Ba3 Bxa3 16. Rxa3 Be2 17. Rb1 Bxd3 18. Qxd3 b6 19. Raa1 Rad8 20. Re1 Qd5 21. Qb5 Qd7 22. Kg2 g6 23. Nf3 Kg7 24. Rad1 Nb8 25. Rxe8 Rxe8 26. Ne5 Qe6 27. Rd2 c6 28. Qc4 Qxc4 29. Nxc4 Nd7 30. Nd6 Re1 31. Nc8 a6 32.
Rb2 b5 33. axb5 axb5 34. Na7 Re6 35. Ra2 Nb6 36. Ra6 Nd5 37. Rxc6 Rxc6 38. Nxc6 Nxc3 39. Kf3 f5 40. Ke3 Kf6 41. Kd3 Nd5 42. Ne5 g5 43. Nc6 Ke6 44. Ne5 h5 45. Nc6 f4 46. Ne5 Kf5 47. Nc6 Kg4 48. Ne5+ Kh3 49. gxf4 Nxf4+ 50. Ke4 Kxh2 51. Kf3 h4 52. Nf7 Ne6 53. d5 Nc7 54. d6 Ne6 55. Kg4 b4 56. d7 b3 57.
Ne5 b2 58. Nf3+ Kh1 59. Nd2 Kg2 60. f4 gxf4 61. Kxh4 f3 62. Kg4 f2 63. Kf5 f1=Q+ 64. Nxf1 Kxf1 65. Kxe6 b1=Q 66. d8=Q Qe4+ 67. Kd7 Qd5+ 68.
Kc7 Qc5+ 69. Kd7 Qb5+ 70. Kc7 Kf2 71. Qd4+ Kf3 72. Qd6 Qa5+ 73. Kd7 Qf5+ 74. Qe6 Qh7+ 75. Qe7 Qf5+ 76. Qe6 Qf8 77. Qd6 Qf7+ 78. Qe7 Qd5+ 79. Qd6 Qb7+ 80. Qc7 Qa8 81. Qc6+ Qxc6+ 82. Kxc6 1/2-1/2

[Event "Early-Titled-Tuesday-Blitz-May-07-2024"]
[Site "Chess.com"]
[Date "2024.05.07"]
[Round "7"]
[White "DvaHrasta"]
[Black "Winner_7777"]
[Result "1-0"]
[WhiteElo "2470"]
[BlackElo "2576"]
[TimeControl "180+1"]
[EndTime "9:23:46 PDT"]
[Termination "DvaHrasta won on time"]

1. c4 e5 2. g3 d6 3. Bg2 f5 4.
Nc3 Nf6 5. d3 Be7 6. Nf3 O-O 7.
O-O Nc6 8. Rb1 a5 9. a3 Qe8 10.
b4 axb4 11. axb4 Nd8 12. b5 Ne6 13. Nd5 Bd8 14. Bb2 Qh5 15. Ra1 Rb8 16. Ra7 c6 17. bxc6 bxc6 18. Nxf6+ Rxf6 19. Qa1 Rh6 20. h3 Bb7 21.
Rb1 e4 22. Nh2 e3 23. f4 Qxe2 24. Bxg7 Nxg7 25. Rbxb7 Rxb7 26. Rxb7 Qf2+ 27. Kh1 Qxg3 28. Qa8 Ne6 29. Rd7 Qh4 30. Rxd6 e2 31. Nf3 e1=Q+ 32. Nxe1 Qxe1+ 33. Kh2 Rg6 34. Rxd8+ Nxd8 35. Qxd8+ Kg7 36. Qd4+ Kh6 37. Qg1 Qg3+ 38. Kh1 Qxd3 39. c5 Qg3 40.
Qf1 Qc3 41. Qf2 Qa1+ 42. Kh2 Qf6 43. Qe1 Kg7 44. Qd1 h5 45. Qd7+ Kh6 46. Qe8 Qg7 47. Qe2 h4 48. Qf2 Rg3 49. Bxc6 Qc3 50. Bg2 Rg6 51.
Qxh4+ Kg7 52. Qe7+ Kh6 53. Qf8+ Rg7 54. Qa8 Qg3+ 55. Kh1 Qxf4 56. Qd5 Qc1+ 57. Kh2 Qf4+ 58. Kh1 Ra7 59. Qd1 Kg5 60. Qg1 Kh4 61. Qe1+ Qg3 62.
Qc1 f4 63. Qd1 Rg7 64. Qd8+ Qg5 65. Qh8+ Kg3 66. Qa8 Kf2 67. Qf3+ Ke1 68. Qf1+ Kd2 69. Qf2+ Kc3 70. c6 Qe7 71. Qf3+ Qe3 72. Qf1 Qd2 73.
Qa1+ Qb2 74. Qe1+ Qd2 75. Qe5+ Kc2 76. Qxg7 Qc1+ 77. Kh2 Qe3 78. Qg6+ Kd2 79. Qe4 Qf2 80. Qf3 1-0

[Event "Early-Titled-Tuesday-Blitz-May-07-2024"]
[Site "Chess.com"]
[Date "2024.05.07"]
[Round "7"]
[White "Thjop"]
[Black "Witik"]
[Result "1-0"]
[WhiteElo "2603"]
[BlackElo "2841"]
[TimeControl "180+1"]
[EndTime "9:23:53 PDT"]
[Termination "Thjop won on time"]

1. e4 e5 2. Nf3 Nc6 3. Bb5 a6 4. Ba4 Nf6 5. O-O b5 6. Bb3 Bc5 7. d3 d6 8. h3 Na5 9. Nc3 O-O 10. Be3 Bxe3 11. fxe3 c6 12. Qe1 Re8 13. Qg3 Nxb3 14. axb3 Nh5 15. Qf2 g6 16. g4 Ng7 17. b4 Be6 18.
Qg3 a5 19. bxa5 Rxa5 20. b4 Rxa1 21. Rxa1 Qb6 22. Qf2 h5 23. gxh5 Nxh5 24. Ng5 Kg7 25.
Kg2 f6 26. Nxe6+ Rxe6 27. d4 Re7 28. Qd2 Ra7 29. Rxa7+ Qxa7 30. Ne2 Kh7 31. Qc3 Qd7 32. Ng3 Ng7 33. Qd2 Ne6 34. h4 Qf7 35. Qc3 Qd7 36.
Qd2 Qe7 37. c3 Ng7 38. Qe2 Qe6 39. Qf3 d5 40. exd5 cxd5 41. h5 e4 42. hxg6+ Kxg6 43. Qe2 Qd7 44. Qf1 Qg4 45. Qe2 Qg5 46. Kf2 Nf5 47.
Nxf5 Qxf5+ 48. Ke1 Qg5 49. Kd2 Qg1 50. Qxb5 Qb1 51.
Qe2 Qb2+ 52. Kd1 Qb1+ 53. Kd2 Qb2+ 54. Ke1 Qxc3+ 55. Qd2 Qb3 56. Kf2 Kf5 57. Qe1 Qb2+ 58. Kg3 Qb3 59. Qf1+ Kg6 60. Qe1 Qd3 61. Kf4 Qc2 62.
Qg1+ Kf7 63. b5 Qb2 64. Qf1 Qh2+ 65. Kg4 Qh6 66. Qf4 Qg6+ 67. Kh4 Qh7+ 68. Kg3 Qg6+ 69. Qg4 Qh6 70. Qd7+ Kg6 71. Qe8+ Kg7 72. Qd7+ Kg6 73. Qg4+ Kf7 74. Qf4 Qg6+ 75. Kf2 Qh5 76. b6 Qd1 77. b7 Qd2+ 78. Kg3 Qe1+ 79. Qf2 Qb4 80. Qf5 Qxb7 81.
Qh7+ Ke6 82. Qxb7 Kf5 83. Qc7 1-0

[Event "Early-Titled-Tuesday-Blitz-May-07-2024"]
[Site "Chess.com"]
[Date "2024.05.07"]
[Round "7"]
[White "Yan_Dyomin2010"]
[Black "Byniolus"]
[Result "0-1"]
[WhiteElo "2610"]
[BlackElo "2813"]
[TimeControl "180+1"]
[EndTime "9:23:57 PDT"]
[Termination "Byniolus won by resignation"]

1. e4 d6 2. d4 Nf6 3. Nc3 c6 4. f3 Qb6 5. Na4 Qa5+ 6. Nc3 Qb6 7. Na4 Qa5+ 8. Nc3 e5 9. Be3 Nbd7 10. Qd2 b5 11. a3 Be7 12. O-O-O Rb8 13. Kb1 b4 14. Na2 exd4 15. Bxd4 c5 16. axb4 cxb4 17. Bc4 O-O 18. Ne2 Nc5 19. Nec1 Be6 20. Bxc5 dxc5 21. Bxe6 fxe6 22.
Qe2 Rb6 23. Qc4 a6 24. Nb3 Qb5 25. Qxb5 axb5 26. Nbc1 Ra8 27. c3 bxc3 28. Nxc3 b4 29. N3e2 c4 30. Rd4 c3 31. bxc3 bxc3+ 32. Kc2 Ra3 33.
Rc4 Rb2+ 34. Kd1 Bb4 35. Ke1 Nd7 36. Kf2 Ne5 37. Rc8+ Kf7 38. f4 Ng4+ 39. Kf3 Nf6 40. Rd1 Rd2 41. Rc7+ Kg6 42. f5+ Kh6 43. Rf1 c2+ 44.
Kf2 Nxe4+ 45. Kg1 Bc5+ 46. Rxc5 Nxc5 47. fxe6 Nxe6 48. g4 Rd1 49. Kf2 Rxf1+ 50. Kxf1 Kg6 51. Ke1 Kf7 52. Kd2 Rh3 53. Kxc2 Rxh2 54. Kd3 Rg2 55. Ke4 Rxg4+ 56. Kf3 Ra4 57. Nd3 Ra3 58. Ke4 Kf6 59. Ng3 g6 60. Nf1 h5 61. Ne3 Ng5+ 62. Kd4 Nf3+ 63. Ke4 Nd2+ 64. Kd4 Kg5 65. Nc2 Ra8 66. Ke3 Nc4+ 67. Kf3 Rf8+ 68. Kg2 Rd8 69. Nce1 h4 70. Nf2 Kh5 71. Kf3 g5 72. Ng2 Rf8+ 73. Ke2 h3 74. Nxh3 Re8+ 75. Kf1 Ne5 76. Nf2 Rf8 77. Kg1 Nf3+ 78. Kf1 Nh4 79. Ne3 Ng6 80. Ke2 Nf4+ 81. Kf1 Re8 82. Ned1 Ra8 83. Kg1 Ra1 84. Kh2 Ra2 85.
Ne3 Rxf2+ 0-1

[Event "Early-Titled-Tuesday-Blitz-May-07-2024"]
[Site "Chess.com"]
[Date "2024.05.07"]
[Round "7"]
[White "Gareth-Bale11"]
[Black "FoggyMorning"]
[Result "1/2-1/2"]
[WhiteElo "2894"]
[BlackElo "2622"]
[TimeControl "180+1"]
[EndTime "9:23:58 PDT"]
[Termination "Game drawn by repetition"]

1. e4 e6 2. d4 d5 3. Nc3 Bb4 4. exd5 exd5 5. Bd3 Nc6 6. a3 Bxc3+ 7. bxc3 Nge7 8.
Qf3 Be6 9. Ne2 Qd7 10. Nf4 Bf5 11. O-O O-O 12. Re1 Rfe8 13. Nh5 Bg4 14. Nf6+ gxf6 15. Qxf6 Nf5 16. Bf4 Re6 17. Rxe6 Qxe6 18. Qxe6 fxe6 19. f3 Bxf3 20. gxf3 Nce7 21. Kf2 Kf7 22. a4 b6 23. a5 Rc8 24. Ba6 Rg8 25. Bxc7 bxa5 26. Rxa5 Nh4 27.
Bg3 Nhf5 28. Bb7 Nxg3 29. hxg3 Rb8 30. Rxa7 Kf6 31. g4 h5 32. gxh5 Nf5 33. Ba6 Rh8 34.
c4 dxc4 35. Bxc4 Rxh5 36. Bd3 Rh2+ 37. Kg1 Rd2 38. Ra4 Ne3 39. Ra2 Nd5 40. Kf1 Nb4 41. Ra3 Nxc2 42. Bxc2 Rxc2 43. Re3 Rd2 44. Re4 Kf5 45. Ke1 Rh2 46. Re2 Rh3 47. Re3 Rh2 48. Re2 Rh3 49. Kf2 Rh2+ 50. Ke3 Rh1 51. Kd2 Ra1 52.
Re5+ Kf6 53. Ke3 Re1+ 54. Kf4 Rd1 55. Re4 Rh1 56. Ke3 Re1+ 57. Kd3 Rd1+ 58. Ke2 Ra1 59.
Rh4 Ra2+ 60. Ke3 Ra1 61. Rg4 Kf5 62. Rf4+ Kg5 63. Re4 Kf5 64. Re5+ Kf6 65. Rh5 Re1+ 66. Kf4 Rd1 67. Ke4 Re1+ 68. Kd3 Rf1 69. Ke3 Re1+ 70. Kd2 Rf1 71. Ke2 Ra1 72. Rb5 Ra3 73. Rb6 Kf5 74. Rb8 Kf6 75. Rf8+ Ke7 76. Rf4 Kd6 77. Re4 Kd5 78. Re5+ Kd6 79. f4 Rh3 80. Re3 Rh4 81. Kf3 Kd5 82. Re5+ Kd6 83. Ke4 Rh1 84. Rg5 Re1+ 85.
Kd3 Rd1+ 86. Ke3 Re1+ 87. Kf3 Rf1+ 88. Ke3 Re1+ 89. Kd3 Rd1+ 90. Ke4 Re1+ 91. Kd3 1/2-1/2

[Event "Early-Titled-Tuesday-Blitz-May-07-2024"]
[Site "Chess.com"]
[Date "2024.05.07"]
[Round "7"]
[White "Thebigsqueeze"]
[Black "2346PL"]
[Result "1/2-1/2"]
[WhiteElo "2383"]
[BlackElo "2538"]
[TimeControl "180+1"]
[EndTime "9:23:58 PDT"]
[Termination "Game drawn - insufficient material"]

1. d4 d6 2. c4 e5 3. Nf3 e4 4.
Nfd2 f5 5. Nc3 Nf6 6. e3 c6 7. f3 d5 8. Qb3 a6 9. a4 Be7 10.
Be2 exf3 11. Bxf3 dxc4 12. Qxc4 a5 13. O-O Na6 14. e4 fxe4 15. Ndxe4 Nd5 16. Nxd5 cxd5 17. Qb5+ Qd7 18. Nc3 O-O 19. Bxd5+ Kh8 20. Rxf8+ Bxf8 21. Qxd7 Bxd7 22. Bxb7 Ra7 23. Bf3 Nb4 24. Nb5 Ra6 25.
Bf4 Nd3 26. Bc7 Nxb2 27. Be2 Bb4 28. d5 Ra8 29. d6 Bf5 30. g4 Bc5+ 31. Kg2 Be4+ 32.
Bf3 Bxf3+ 33. Kxf3 Bxd6 34. Bxd6 Nc4 35. Rc1 Nb6 36. Bc7 Nxa4 37. Bxa5 h6 38. Bd2 Nb6 39. Rc7 Nd5 40. Rb7 Rf8+ 41. Kg2 Nf6 42. h3 Ne4 43. Be3 Re8 44. Bd4 Rg8 45. Nc3 Ng5 46. Nd5 Ne6 47.
Bb2 Rd8 48. Rb5 Rxd5 49. Rxd5 Nf4+ 50. Kf3 Nxd5 51. Ke4 Ne7 52. Ba3 Ng8 53. Kf5 Nf6 54. Kg6 Kg8 55. Bb2 Ne8 56. Bc3 Kf8 57. Bd4 Kg8 58. h4 Kf8 59. g5 hxg5 60. hxg5 Kg8 61. Bc3 Kf8 62. Bb2 Kg8 63. Bc3 Kf8 64. Bb2 Kg8 65.
Bd4 Kf8 66. Bc3 Kg8 67. Ba1 Kf8 68. Kh7 Kf7 69. g6+ Ke6 70. Bxg7 Kf5 71. Bc3 Kg5 72. Bb2 Kf5 73. Kh6 Ke6 74. Kg5 Ke7 75. Ba3+ Ke6 76. Bb2 Ke7 77. Kf5 Kf8 78. Ke6 Kg8 79.
Ke7 Ng7 80. Bc3 Nf5+ 81. Kf6 Nh4 82. Be1 Nxg6 1/2-1/2

[Event "Early-Titled-Tuesday-Blitz-May-07-2024"]
[Site "Chess.com"]
[Date "2024.05.07"]
[Round "7"]
[White "PeshkaCh"]
[Black "Boundless_Strike"]
[Result "1/2-1/2"]
[WhiteElo "2881"]
[BlackElo "2677"]
[TimeControl "180+1"]
[EndTime "9:24:01 PDT"]
[Termination "Game drawn by repetition"]

1. Nf3 d6 2. d4 e5 3. dxe5 Bg4 4. e4 Nc6 5. Bb5 dxe5 6. Qe2 Bd6 7. h3 Bh5 8. Be3 Ne7 9. Nbd2 a6 10. Bxc6+ Nxc6 11. c3 f6 12. Nc4 Bf7 13. O-O-O Qe7 14. Kb1 b5 15. Nxd6+ cxd6 16. Nh4 g6 17. f4 O-O 18.
f5 Rfd8 19. fxg6 hxg6 20. Qg4 Kh7 21. Rhf1 d5 22. Bc5 Qe6 23. Qxe6 Bxe6 24. Rxf6 dxe4 25. Rxd8 Nxd8 26. Nxg6 Kg7 27. Be7 Bf7 28. Nxe5 Be8 29. Rf4 Nc6 30. Bf6+ Kg8 31. Rxe4 Nxe5 32. Rxe5 Bc6 33.
Rg5+ Kf7 34. Bd4 Re8 35. Rg7+ Ke6 36. Rg5 Kf7 37. Be5 Bd5 38. Kc2 Be6 39. Kd3 Rd8+ 40. Ke3 Bxa2 41. Rg7+ Ke6 42. Bd4 Bb1 43. Ra7 Kd5 44.
Rxa6 Re8+ 45. Kf2 Bd3 46. Rf6 Re2+ 47. Kg3 Be4 48. Rf2 Re1 49. Bf6 Rb1 50. Rd2+ Ke6 51.
Bd4 Kd5 52. Bg7+ Ke6 53. h4 Rh1 54. Bd4 Kd5 55. Be3+ Ke6 56. Bf4 Bd5 57. Re2+ Kd7 58. Re5 Bc6 59. h5 Rg1 60. Re2 Rh1 61. h6 Bd5 62.
Re5 Bc4 63. Rg5 Ke6 64. Rg6+ Kf5 65. Rg5+ Kf6 66. Rg7 Bd3 67. Bg5+ Kf5 68. Kf2 Rh5 69. Ke3 Bb1 70. Bf4 Rh1 71. g4+ Kf6 72. g5+ Ke6 73. g6 Kf6 74. Kd4 Bxg6 75. Be5+ Kf5 76. Bd6 Rxh6 77. Kc5 Rh5 78. Kxb5 Kf6+ 79. Kc6 Kxg7 80. b4 Be4+ 81. Kc7 Bd3 82. Bc5 Kf7 83. Kd6 Rh6+ 84. Ke5 Rh5+ 85. Kd6 Ke8 86. Kc7 Kf7 87. Kd6 1/2-1/2

[Event "Early-Titled-Tuesday-Blitz-May-07-2024"]
[Site "Chess.com"]
[Date "2024.05.07"]
[Round "7"]
[White "Sjakkerntobi"]
[Black "ValentinDragnev"]
[Result "0-1"]
[WhiteElo "2544"]
[BlackElo "2722"]
[TimeControl "180+1"]
[EndTime "9:24:02 PDT"]
[Termination "ValentinDragnev won by resignation"]

1. e4 e5 2. Nf3 Nc6 3. Bc4 Nf6 4. d3 h6 5. O-O d6 6. Re1 g5 7.
Nc3 Na5 8. Bb3 Bg4 9. d4 Nxb3 10. axb3 Nd7 11. h3 Bh5 12. g4 Bg6 13. dxe5 dxe5 14. Nd5 Bc5 15. b4 Bb6 16. c4 c6 17. Nxb6 Qxb6 18.
Qd6 Qd8 19. Nxe5 Qe7 20. Qxd7+ Qxd7 21. Nxd7 Kxd7 22. e5 Ke6 23. Kg2 Rhd8 24. Be3 a6 25. Bc5 Rd2 26. Rad1 Rad8 27. Bd6 Rxb2 28. Kg3 Rb3+ 29.
Re3 Rxb4 30. Rc1 Rb2 31. Ree1 a5 32. Ra1 Ra8 33. c5 a4 34. Re3 Bc2 35. h4 Bb3 36.
hxg5 hxg5 37. f4 gxf4+ 38. Kxf4 a3 39. Rf3 a2 40. Rff1 Bd5 41. Ke3 Rb3+ 42. Kd4 Rg3 43. Rf6+ Kd7 44. e6+ Bxe6 45. Bxg3 Ra4+ 46. Ke5 Rxg4 47.
Rf3 Rc4 48. Bf4 Rxc5+ 49. Kd4 Rc2 50. Ra3 Rf2 51. Ke3 Rg2 52. Rd3+ Ke7 53. Kf3 Rc2 54.
Be3 Bd5+ 55. Kf4 Ke6 56. Bd4 Rg2 57. Re3+ Kd7 58. Bc5 Rf2+ 59. Kg3 Rc2 60. Ba3 c5 61. Kf4 b5 62. Ke5 Kc6 63. Rd3 Re2+ 64. Kf5 b4 65.
Rxd5 Kxd5 66. Bc1 b3 67. Kf4 Rc2 68. Ke3 c4 69. Bd2 c3 70. Bxc3 Rxc3+ 71. Kd2 Kc4 72. Rf1 Rc2+ 73. Ke3 b2 74. Rf4+ Kc3 75. Rxf7 b1=Q 76. Rc7+ Kb2 77. Rb7+ Kc1 78. Rd7 a1=Q 79. Kf4 Qb4+ 80. Kf5 Qb5+ 81. Ke6 Qc6+ 82. Kf7 Qa2+ 83. Kf8 Rf2+ 84. Kg7 Qxd7+ 85. Kh8 Qb2+ 0-1

[Event "Early-Titled-Tuesday-Blitz-May-07-2024"]
[Site "Chess.com"]
[Date "2024.05.07"]
[Round "7"]
[White "m_ezat"]
[Black "KogotBobra17"]
[Result "0-1"]
[WhiteElo "2568"]
[BlackElo "2741"]
[TimeControl "180+1"]
[EndTime "9:24:08 PDT"]
[Termination "KogotBobra17 won on time"]

1. d4 Nf6 2. c4 e5 3. dxe5 Ng4 4. Bf4 Bb4+ 5. Nd2 Nc6 6. Nf3 d6 7. exd6 Qf6 8. e3 Qxb2 9. Be2 Nge5 10. O-O Bxd6 11.
Nxe5 Bxe5 12. Rb1 Qxa2 13. Bxe5 Nxe5 14. Nf3 Nxf3+ 15. Bxf3 O-O 16. Bxb7 Bxb7 17. Rxb7 Qxc4 18. Qa1 a5 19. Rc1 Qd5 20. Rbxc7 a4 21. Qa3 h6 22.
h3 Rfb8 23. R7c5 Qb3 24. Qxb3 axb3 25. Rb1 Ra2 26. Kf1 Kh7 27. g4 Rb6 28. Rc3 Rf6 29.
f4 b2 30. Rc2 Rb6 31. Ke2 Rb3 32. Kd2 Raa3 33. Rbxb2 Rd3+ 34. Kc1 Rxe3 35. Rb7 Rxh3 36.
Rxf7 Rac3 37. f5 Rxc2+ 38. Kxc2 Kg8 39. Re7 Rf3 40. Re4 h5 41. gxh5 Rxf5 42. Rh4 Rd5 43. Kc3 Kh7 44. Kc4 Rd6 45. Kc5 Rd1 46. Rg4 Rd7 47.
Rg5 Kh6 48. Re5 Rd1 49. Kc4 Rh1 50. Kd4 Rxh5 51. Re7 Rf5 52. Ke4 Rf1 53. Rd7 g6 54. Ke3 Kg5 55. Rd2 Kf5 56. Ke2 Rf4 57. Ke3 g5 58. Rd8 Kg4 59. Rd1 Rf7 60. Rg1+ Kh4 61. Rh1+ Kg4 62. Rg1+ Kh5 63. Rh1+ Kg6 64. Rg1 Rf4 65.
Rg2 Kf5 66. Rh2 Kg4 67. Rg2+ Kh4 68. Rh2+ Kg3 69. Rh1 Rf3+ 70. Ke2 g4 71. Rg1+ Kh3 72. Rb1 Rf8 73. Rb7 Kg2 74. Re7 g3 75. Re3 Kh2 76. Re7 g2 77. Rh7+ Kg1 78. Rg7 Rf4 79. Ke3 Rf1 80. Rg6 Rf8 81. Rg7 Rh8 82. Rf7 Kh1 83. Rf2 g1=Q 0-1

[Event "Early-Titled-Tuesday-Blitz-May-07-2024"]
[Site "Chess.com"]
[Date "2024.05.07"]
[Round "7"]
[White "ClauSanLuis"]
[Black "tusplingher"]
[Result "0-1"]
[WhiteElo "2401"]
[BlackElo "2568"]
[TimeControl "180+1"]
[EndTime "9:24:18 PDT"]
[Termination "tusplingher won by resignation"]

1. d4 Nf6 2. Bg5 c6 3. c3 d5 4.
Nd2 Nbd7 5. e3 e6 6. Bd3 h6 7.
Bh4 Be7 8. Ngf3 O-O 9. O-O c5 10.
Qe2 cxd4 11. exd4 Rb8 12. Ne5 Nxe5 13. dxe5 Nd7 14. Bxe7 Qxe7 15. f4 Nc5 16. Bc2 b6 17. Rf3 f5 18. exf6 Qxf6 19. Re1 Bd7 20. Nb3 Rbe8 21.
Nd4 Bc8 22. b4 Nb7 23. Qd3 Nd6 24. Qh7+ Kf7 25. Rg3 Rh8 26. Qg6+ Kf8 27. Qxf6+ gxf6 28.
Rge3 Kf7 29. Ba4 Re7 30. Nc6 Rc7 31. Nd4 Ne4 32. Bc6 Bd7 33. Bxd7 Rxd7 34. c4 Rc8 35. cxd5 exd5 36. b5 Rc4 37. Rd3 Rc3 38. Rxc3 Nxc3 39.
a3 Rc7 40. a4 Rc4 41. Nc6 Rxa4 42. f5 Ne4 43. Rd1 Nc3 44. Rd3 Ra1+ 45. Kf2 Ne4+ 46. Ke2 Ra2+ 47. Ke3 Rxg2 48. Rxd5 Nc5 49. Rd8 Rxh2 50.
Rc8 Rh3+ 51. Kf4 Rh4+ 52. Kg3 Re4 53. Rc7+ Kf8 54. Rxa7 Re8 55. Nd4 Ne4+ 56. Kf4 Ng5 57. Rb7 Re4+ 58. Kg3 Rxd4 59. Rxb6 Kg7 60. Rb7+ Nf7 61. b6 Rb4 62. Kf3 h5 63. Kg3 h4+ 64. Kh3 Kg8 65. Rb8+ Kh7 66. Rb7 Kg7 67. Rc7 Rxb6 68.
Kxh4 Rb5 69. Kg4 Rb4+ 70. Kh5 Rb1 71. Kg4 Rg1+ 72. Kf4 Rf1+ 73. Ke4 Kf8 74. Kd5 Re1 75. Rc8+ Kg7 76. Rc7 Re5+ 77. Kd4 Rxf5 78. Ke4 Re5+ 79. Kf4 Kg6 80. Kg4 Re4+ 81. Kf3 Re5 82. Kf4 Nd6 83. Rd7 Nf5 84. Ra7 Ng7 85. Rb7 Ne6+ 86. Kg4 f5+ 87. Kf3 Ng5+ 0-1

[Event "Early-Titled-Tuesday-Blitz-May-07-2024"]
[Site "Chess.com"]
[Date "2024.05.07"]
[Round "7"]
[White "chessdjw"]
[Black "JiaHaoxiang"]
[Result "1/2-1/2"]
[WhiteElo "2768"]
[BlackElo "2602"]
[TimeControl "180+1"]
[EndTime "9:24:25 PDT"]
[Termination "Game drawn by agreement"]

1. d4 Nf6 2. Nf3 g6 3. c4 Bg7 4. Nc3 d6 5. e4 O-O 6. Be2 e5 7. d5 a5 8. h3 Na6 9. Bg5 Qe8 10. Nd2 Nd7 11. g4 f6 12. Be3 f5 13. gxf5 gxf5 14. exf5 Ndc5 15. Nde4 Nxe4 16. Nxe4 Bxf5 17. Ng3 Bg6 18. h4 Nb4 19. h5 Nc2+ 20. Kd2 Nxe3 21. fxe3 Bf7 22. Nf5 Bf6 23. Qg1+ Kh8 24. Rf1 e4 25.
Nd4 Be5 26. h6 Bg6 27. Rxf8+ Qxf8 28. Bh5 Bxd4 29. Bxg6 Bxb2 30. Bxe4 Re8 31. Bd3 Qf6 32. Qg7+ Qxg7 33. hxg7+ Bxg7 34. Bxh7 Re5 35. Bf5+ Kg8 36.
e4 Re7 37. Kc2 Be5 38. Rb1 b6 39. Kb3 Rg7 40. Be6+ Kf8 41. Rf1+ Ke8 42. Rf3 Rg3 43. Rxg3 Bxg3 44. Ka4 Kd8 45. Kb5 Be5 46. Kc6 Bd4 47.
Bf5 Be5 48. Bg4 Bd4 49. Be2 Be5 50. Bd1 Bd4 51. Ba4 Be5 52. Kb7 Bd4 53. Bc6 Bc5 54. Ka6 Bd4 55. Kb5 Be5 56. Ka4 Bd4 57.
Kb3 Ke7 58. Kc2 Kf6 59. Bd7 Ke5 60. Bf5 Bc5 61. Kb3 Kf6 62. Ka4 Ke7 63. Kb5 Kd8 64. Kc6 Bd4 65. Bg6 Be5 66. Bh7 Bd4 67. Bg8 Be5 68.
a3 Bb2 69. a4 Bd4 70. Bf7 Be5 71. Be6 Bd4 72. Bg4 Be5 73. Bf3 Bd4 74. Bd1 Bc5 75.
Bc2 Bd4 76. Bb1 Be5 77. Bd3 Bd4 78. Bc2 Bc5 79. Bb1 Bd4 80. Bd3 Be5 81. Be2 Bd4 82. Bh5 Be5 83. Kb5 Bd4 84. Be2 Be5 85. Bd3 Bd4 86. Bc2 Be5 87. Bb1 Bd4 1/2-1/2

[Event "Early-Titled-Tuesday-Blitz-May-07-2024"]
[Site "Chess.com"]
[Date "2024.05.07"]
[Round "7"]
[White "Felix-Rose"]
[Black "Jojo_898"]
[Result "0-1"]
[WhiteElo "2215"]
[BlackElo "2437"]
[TimeControl "180+1"]
[EndTime "9:24:27 PDT"]
[Termination "Jojo_898 won by resignation"]

1. e4 d6 2. d4 Nf6 3. Nc3 g6 4.
Nf3 c6 5. a4 Bg7 6. h3 O-O 7.
Be3 Nbd7 8. a5 e5 9. dxe5 dxe5 10. Bc4 Qe7 11. O-O Nc5 12. Nd2 Rd8 13. Qe2 Ne6 14. Rfc1 Nd4 15. Qf1 Nh5 16. Ne2 Ne6 17. Nb3 Nhf4 18.
g3 Nxe2+ 19. Qxe2 Nd4 20. Qf1 Nf3+ 21. Kh1 Ng5 22. h4 Nxe4 23. Qg2 Nd6 24. Bg5 Bf6 25. Bxf6 Qxf6 26. Be2 Be6 27. Nc5 Bd5 28. f3 b6 29.
axb6 axb6 30. Rxa8 Rxa8 31. Nd7 Qd8 32. Nxe5 Qe7 33.
Nd3 Re8 34. Nf4 Bc4 35. Bxc4 Nxc4 36. Nd3 Qf6 37. b3 Ne3 38. Qe2 Re6 39. Re1 Nf5 40.
Qf2 Rxe1+ 41. Qxe1 Nd4 42. f4 Nxc2 43. Qe8+ Kg7 44.
Ne5 Ne3 45. Kg1 Nf5 46. Nd7 Qd4+ 47. Kg2 Qb2+ 48. Kh3 Qa3 49. Ne5 Qf8 50. Qxc6 Qe7 51. Qxb6 h5 52. Qf2 Qb4 53. Qc2 Qd4 54. Nf3 Qe3 55.
Qb2+ Kg8 56. Qg2 Qxb3 57. Ng5 Qd3 58. Ne4 Nd4 59. Nf6+ Kg7 60. Ne8+ Kf8 61. Nf6 Nf5 62. Nh7+ Kg7 63. Ng5 Qd7 64. Kh2 Qd3 65. Qb2+ Kf8 66. Qh8+ Ke7 67. Qe5+ Kd7 68. Nxf7 Qxg3+ 69. Kh1 Qxh4+ 70.
Kg1 Qg3+ 71. Kf1 Qf3+ 72. Ke1 Qe3+ 73. Qxe3 Nxe3 74. Ne5+ Ke6 75. Nxg6 Kf5 76. Kf2 Ng4+ 77. Kg3 Kxg6 78. Kh4 Nh6 79. Kg3 Nf5+ 80. Kh3 Kf6 81. Kg2 Ke6 82. Kf3 Kd5 83. Kg2 Kd4 84. Kh3 Ke4 85. Kh2 Kxf4 86. Kh3 Kg5 87. Kh2 Kg4 88.
Kh1 Kg3 89. Kg1 Nh6 90. Kh1 Ng4 91. Kg1 h4 92. Kh1 h3 93. Kg1 h2+ 94. Kf1 h1=Q+ 0-1

[Event "Early-Titled-Tuesday-Blitz-May-07-2024"]
[Site "Chess.com"]
[Date "2024.05.07"]
[Round "7"]
[White "Cipy77"]
[Black "Seochesspie"]
[Result "1/2-1/2"]
[WhiteElo "2614"]
[BlackElo "2854"]
[TimeControl "180+1"]
[EndTime "9:24:32 PDT"]
[Termination "Game drawn by repetition"]

1. Nf3 Nf6 2. c4 e6 3. g3 d5 4.
Bg2 d4 5. O-O c5 6. e3 Nc6 7.
exd4 cxd4 8. d3 h6 9. Bf4 g5 10.
Bd2 Bg7 11. Re1 O-O 12. b4 Nd7 13. Na3 a6 14. Nc2 Rb8 15. b5 axb5 16. cxb5 Ne7 17. Nfxd4 Nb6 18. Bc3 Ned5 19. Bb2 Na4 20. Ba3 Ndc3 21.
Qg4 Re8 22. Nb3 Nb6 23. Qf3 Nxb5 24. Rad1 Nxa3 25. Nxa3 Bd7 26. Nc4 Bc6 27. Qe3 Bxg2 28.
Nxb6 Bc6 29. a4 Qd6 30. a5 Qb4 31. Rb1 Rbd8 32. Nc4 Qc3 33. Rec1 Qxd3 34. Qxd3 Rxd3 35. Nc5 Rc3 36. Rxc3 Bxc3 37. Nd6 Ra8 38. Ndxb7 Ra7 39. a6 Bd4 40. Rb6 Bd5 41. Rd6 Ra8 42. Nd7 Kg7 43.
Nb6 Rxa6 44. Nxd5 Rxd6 45. Nxd6 Bc5 46. Ne4 Ba3 47. Ne3 f5 48. Nc3 Kg6 49. Kf1 Kf6 50. Ke2 h5 51. Nc4 Bc5 52. f3 g4 53. fxg4 hxg4 54.
Nd2 Bd4 55. Nd1 e5 56. Ne3 Kg5 57. Kd3 Ba7 58. Ndc4 f4 59. Nf1 Kf5 60. gxf4 exf4 61. Nd6+ Ke6 62. Ne4 g3 63. hxg3 fxg3 64. Nfxg3 Ke5 65.
Ne2 Ke6 66. N2c3 Ke5 67. Nd2 Bb6 68. Kc4 Be3 69. Nb3 Kf4 70. Nb5 Kf3 71. Na5 Bf4 72.
Nc6 Kg4 73. Kd5 Kf5 74. Nbd4+ Kg4 75. Ke4 Bd6 76. Nd8 Bc7 77. N8e6 Bb8 78. Nf3 Bd6 79. Ned4 Bc7 80. Nf5 Bb8 81. Ne3+ Kg3 82. Nf5+ Kg4 83. N3d4 Bc7 84. Ne6 Bb8 85. Ne3+ Kg3 86. Nd4 Kf2 87. Ndf5 Bc7 88. Ng4+ Ke2 89. Nd4+ Kd2 90. Kd5 Bb8 91. Nf6 Kc3 92. Ne4+ Kd3 93. Nc5+ Ke3 94. Nd7 Bh2 95. Nf5+ Kd3 96. Nc5+ Kc3 97. Ne4+ Kd3 98. Nh4 Bb8 99. Nf3 Ke3 100. Nfg5 Kd3 101. Nc5+ Ke3 102. Nd7 Bh2 103. Ne6 Bg3 104. Ndc5 Bh2 105. Ne4 Bb8 106. Ng7 Bh2 107. Nf5+ Kd3 108. Nh4 Bb8 109. Nf5 Bh2 1/2-1/2

[Event "Early-Titled-Tuesday-Blitz-May-07-2024"]
[Site "Chess.com"]
[Date "2024.05.07"]
[Round "7"]
[White "WhiteKnight2612"]
[Black "DanielNaroditsky"]
[Result "1/2-1/2"]
[WhiteElo "2845"]
[BlackElo "3058"]
[TimeControl "180+1"]
[EndTime "9:25:44 PDT"]
[Termination "Game drawn by 50-move rule"]

1. d4 Nf6 2. Nf3 g6 3. g3 Bg7 4.
Bg2 O-O 5. O-O d6 6. c4 Nbd7 7. Nc3 e5 8. e4 c6 9. h3 Qa5 10.
Re1 exd4 11. Nxd4 Ne5 12. Bf1 Re8 13. Nb3 Qc7 14. Bf4 a5 15. Nd4 Nfd7 16. Be3 Nc5 17.
f4 Ned7 18. Qc2 f5 19. Bg2 fxe4 20. Nxe4 Nxe4 21. Bxe4 Nc5 22. Bf2 Nxe4 23. Rxe4 Bxh3 24. Rae1 Rxe4 25. Qxe4 Qf7 26. Nf3 Bf5 27. Qe3 Qxc4 28. Qe7 Qf7 29. Qxd6 Re8 30. Rd1 Bg4 31. Rd3 Bxf3 32.
Rxf3 Qxa2 33. Qd7 Qf7 34. Qd2 a4 35. Rd3 h5 36. Rd7 Re7 37. Rd8+ Kh7 38. Bc5 Re8 39. Rd7 Qf5 40. Bf2 h4 41. Rxb7 hxg3 42. Bxg3 Qg4 43. Qc3 Qd1+ 44. Kg2 Qe2+ 45. Kg1 Qe3+ 46. Qxe3 Rxe3 47.
Bf2 Rb3 48. Ra7 Kg8 49. Rxa4 Bxb2 50. Rc4 Rc3 51. Rb4 Rc2 52. Rb7 c5 53. Rc7 c4 54.
Kf1 Ba3 55. Bd4 Bf8 56. Rc6 Kh7 57. Rc8 Rd2 58. Bc3 Rd3 59. Bf6 Bg7 60. Rc7 Rf3+ 61.
Ke2 Rxf4 62. Bxg7 Kg8 63. Bc3 g5 64. Ke3 Rf7 65. Rc8+ Kh7 66. Rxc4 Kg6 67. Rg4 Kh5 68. Rg2 g4 69. Be5 Kg5 70. Ke4 Rf1 71. Rc2 Re1+ 72. Kd5 Kh4 73. Rc7 Kh3 74. Rg7 Rd1+ 75. Ke6 Rf1 76. Rg6 Rf3 77. Kd5 Rf1 78. Ke4 Re1+ 79. Kf5 Rf1+ 80. Bf4 Rg1 81. Rh6+ Kg2 82. Kxg4 Kf2+ 83.
Kf5 Rg2 84. Rh3 Ke2 85. Ke4 Rf2 86. Ra3 Rg2 87. Ra2+ Kf1 88. Ra1+ Ke2 89. Ra2+ Kf1 90. Ra3 Ke2 91. Re3+ Kf1 92. Kf3 Rf2+ 93. Kg4 Re2 94. Ra3 Kg2 95. Be3 Rc2 96. Bd4 Re2 97. Kf4 Rd2 98.
Be5 Re2 99. Rg3+ Kf1 100. Bd4 Rg2 101. Ra3 Rd2 102. Kf3 Rd1 103. Be3 Rb1 104. Ra7 Ke1 105. Rg7 Kd1 106. Rc7 Ra1 107. Ke4 Rb1 108. Kd3 Rb3+ 109. Ke4 Ke2 110. Rc2+ Kd1 111. Ra2 Rc3 112. Bd4 Rc2 113. Ra1+ Ke2 114. Rh1 Rd2 115. Bc3 Rc2 116. Kd4 Kf3 117. Rh3+ Kg4 118. Rh8 Rf2 119. Ke5 Re2+ 120. Kd4 Re7 121. Bd2 Rd7+ 122. Ke3 Re7+ 123. Kd3 Rd7+ 124. Kc3 Rc7+ 125. Kb4 Kf5 126. Rh5+ Kg4 127. Rh1 Kf3 128. Bc3 Rb7+ 129. Kc4 Kg2 130. Rd1 Rc7+ 131. Kd3 Kf2 132. Bd4+ 1/2-1/2